 Dungeon Crawl Stone Soup version 0.29.0-4-gdea44cf6ec (webtiles) character file.

Game seed: 8020026958711857898

22 qw the Chopper (level 2, -6/17 HPs)
             Began as a Tengu Warper on Aug 28, 2022.
             Mangled by a worm (7 damage)
             ... on level 2 of the Dungeon.
             The game lasted 00:00:08 (1334 turns).

qw the Chopper (Tengu Warper)                       Turns: 1334, Time: 00:00:08

Health: -6/17      AC:  5    Str: 11    XL:     2   Next: 91%
Magic:  6/6        EV: 10    Int: 13    God:
Gold:   65         SH:  0    Dex: 13    Spells: 5/5 levels left

rFire   . . .      SeeInvis .   Y - +0 hand axe
rCold   . . .      Faith    .   (no shield)
rNeg    . . .      Spirit   .   d - +0 ring mail
rPois   +          Reflect  .   (helmet restricted)
rElec   .          Harm     .   (no cloak)
rCorr   .          Rampage  .   (no gloves)
Will    .....                   (boots unavailable)
Stlth   +.........              (no amulet)
HPRegen 0.05/turn               f - ring of poison resistance
MPRegen 0.10/turn               (no ring)

@: brilliant
A: beak, talons 3
a: no special abilities


You were on level 2 of the Dungeon.
You visited 1 branch of the dungeon, and saw 2 of its levels.

You collected 65 gold pieces.


Innate Abilities, Weirdness & Mutations

You have a beak for a mouth.
You have claws for feet.


   Skills:
 - Level 2.0 Fighting
 + Level 3.6 Axes
 - Level 1.0 Throwing
 - Level 1.1 Armour
 - Level 2.1 Dodging
 - Level 2.0 Spellcasting
 - Level 2.4 Translocations


You had 5 spell levels left.
You didn't know any spells.
Your spell library contained the following spells:

 Spells                   Type           Power      Damage    Failure   Level
 Blink                    Tloc           22%        N/A       34%         2
 Gell's Gravitas          Tloc           11%        N/A       56%         3
 Lesser Beckoning         Tloc           11%        N/A       56%         3
 Teleport Other           Tloc           11%        N/A       56%         3
 Manifold Assault         Tloc           11%        N/A       99%         5

Inventory:

Hand Weapons
 k - a +0 flail
 Y - a +0 hand axe (weapon)
Armour
 d - a +0 ring mail (worn)
Jewellery
 f - a ring of poison resistance (left hand)
Potions
 i - a potion of curing {unknown}

Dungeon Overview and Level Annotations

Branches:
Dungeon (2/15)

Altars:

Shops:
D:1 (


Message History

There is a stone staircase leading down here.
You climb downwards.
There is a stone staircase leading up here.
A dart slug is nearby!
Existing waypoints: (2) D:1 Assign waypoint to what number? (0-9, D - delete waypoint) Waypoint 1 assigned to D:2.
1322 ||| Stepping ~*~*~tactically~*~*~ (hiding).
A worm comes into view.
Found a stone staircase leading down.
You hit the worm but do no damage. You peck the worm, but do no damage.
You barely miss the worm. You claw the worm! You peck the worm.
The worm is heavily wounded.
The worm bites you.
You hit the worm.
The worm is heavily wounded.
The worm bites you but does no damage.
You hit the worm.
The worm is severely wounded.
You hit the worm but do no damage.
The worm is severely wounded.
You completely miss the dart slug.
The dart slug bites you but does no damage.
The worm misses you.
You hit the worm.
The worm is severely wounded.
You hit the dart slug but do no damage. The dart slug bites you.
You hit the worm but do no damage.
The worm is severely wounded.
You hit the dart slug. The worm bites you!
Ouch! That really hurt!
The dart slug bites you.
You hit the worm.
The worm is severely wounded.
You hit the dart slug but do no damage. The worm bites you!
You die...

# # .#
...####>##.###.
.......#....w..
#.###ww#
#.....@#
#.###.## ...#
#####


You could see a worm and a dart slug.

Vanquished Creatures
  A dart slug (D:1)
  A hobgoblin (D:1)
  2 ball pythons (D:1)
  6 bats (D:1)
  3 frilled lizards (D:1)
  4 goblins (D:1)
  3 kobolds (D:1)
  4 rats (D:1)
24 creatures vanquished.

Notes
Turn   | Place    | Note
-------+----------+-------------------------------------------
     0 | D:1      | qw the Tengu Warper began the quest for the Orb.
     0 | D:1      | Reached XP level 1. HP: 12/12 MP: 4/4
     0 | D:1      | 0 ||| qw: Version: 0.1-a-89-g26bdef1
     0 | D:1      | 0 ||| qw: Game counter: 523
     0 | D:1      | 0 ||| qw: Always use a shield: true
     0 | D:1      | 0 ||| qw: God list: Okawaru
     0 | D:1      | 0 ||| qw: Allow faded altars: false
     0 | D:1      | 0 ||| qw: Do Orc after D:15 true
     0 | D:1      | 0 ||| qw: Do second Lair branch before Depths: true
     0 | D:1      | 0 ||| qw: Lair rune preference: random
     0 | D:1      | 0 ||| qw: Plans: Normal
     0 | D:1      | 0 ||| PLANNING D:1-11
   126 | D:1      | 126 ||| Stepping ~*~*~tactically~*~*~ (stealth).
   136 | D:1      | 136 ||| DROPPING +0 club.
   151 | D:1      | 151 ||| Stepping ~*~*~tactically~*~*~ (stealth).
   154 | D:1      | 154 ||| Stepping ~*~*~tactically~*~*~ (stealth).
   155 | D:1      | 155 ||| Stepping ~*~*~tactically~*~*~ (stealth).
   167 | D:1      | 167 ||| Stepping ~*~*~tactically~*~*~ (stealth).
   174 | D:1      | 174 ||| Stepping ~*~*~tactically~*~*~ (stealth).
   181 | D:1      | Reached skill level 3 in Axes
   181 | D:1      | Reached XP level 2. HP: 16/17 MP: 6/6
   331 | D:1      | Found a faded altar of an unknown god.
   344 | D:1      | 344 ||| Stepping ~*~*~tactically~*~*~ (stealth).
   619 | D:1      | 619 ||| DROPPING +0 whip.
   630 | D:1      | Found Xotitar's Antique Weapon Shoppe.
   742 | D:1      | 742 ||| Stepping ~*~*~tactically~*~*~ (stealth).
   744 | D:1      | 744 ||| Stepping ~*~*~tactically~*~*~ (hiding).
  1285 | D:1      | 1285 ||| UPGRADING to +0 ring mail.
  1295 | D:1      | 1295 ||| DROPPING +0 leather armour.
  1296 | D:1      | 1296 ||| UPGRADING to ring of poison resistance.
  1297 | D:1      | 1297 ||| READING scroll labelled YNNAAT SUUMM.
  1298 | D:1      | 1298 ||| READING scroll labelled COANARPH JIBENG.
  1299 | D:1      | 1299 ||| READING scroll labelled TOSI SOUGIOT.
  1300 | D:1      | 1300 ||| DRINKING 2 yellow potions.
  1301 | D:1      | 1301 ||| DROPPING scroll of blinking.
  1302 | D:1      | 1302 ||| DROPPING potion of brilliance.
  1322 | D:2      | 1322 ||| Stepping ~*~*~tactically~*~*~ (hiding).
  1333 | D:2      | HP: 3/17 [worm (10)]
  1333 | D:2      | HP: 1/17 [dart slug (2)]
  1334 | D:2      | Mangled by a worm

Levels and vault maps discovered:
D:1:      nicolae_arrival_washed_ashore, layout_basic, serial_shops,
          nicolae_lakefront_shop, chequers_ecumenical_altar_simple_redux,
          chequers_serial_rivers_small_3
D:2:      layout_loops_ring

Skill      XL: |  1 |
---------------+----+-----
Axes           | 3 |  3.6
Fighting       | |  2.0
Throwing       | |  1.0
Armour         | |  1.1
Dodging        | |  2.1
Spellcasting   | |  2.0
Translocations | |  2.4

Action                   || total
-------------------------++-------
Melee: Hand axe          ||    61
       Peck              ||     4
       Kick              ||     9
Throw: Boomerang         ||     7
  Use: Scroll            ||     3
       Potion            ||     1
Armor: Leather armour    ||    22
       Ring mail         ||     2
Dodge: Dodged            ||    39

Table legend:
 A = Non-vault XP
 B = Vault XP
 C = Vault XP percentage of total XP
 D = Non-vault monster count
 E = Vault monster count
 F = Vault count percentage of total count
                 A         B        C        D         E       F
            +---------+---------+-------+---------+---------+-------
      Total |      32 |       0 |   0.0 |      24 |       0 |   0.0
            +---------+---------+-------+---------+---------+-------
        D:1 |      32 |       0 |   0.0 |      24 |       0 |   0.0
            +---------+---------+-------+---------+---------+-------
